 Dungeon Crawl Stone Soup version 0.21.0-3-g78d12a8 (webtiles) character file.

63 sankara the Insei (level 3, 0/29 HPs)
             Began as a Draconian Transmuter on Jan 17, 2018.
             Slain by an iguana (14 damage)
             ... on level 3 of the Dungeon.
             The game lasted 00:04:47 (1272 turns).

sankara the Insei (Draconian Transmuter)            Turns: 1272, Time: 00:04:47

Health: 0/29       AC:  6    Str: 12    XL:     3   Next: 89%
Magic:  5/6        EV: 12    Int: 13    God:
Gold:   75         SH:  0    Dex: 12    Spells: 0/6 levels left

rFire    . . .     SeeInvis .     - Unarmed
rCold    . . .     Gourm    .   (no shield)
rNeg     . . .     Faith    .   (armour unavailable)
rPois    .         Spirit   .   (helmet restricted)
rElec    .         Reflect  .   (no cloak)
rCorr    .         Harm     .   (no gloves)
MR       .....                  d - +0 pair of boots
Stlth    +.........             (no amulet)
HPRegen  0.09/turn              (no ring)
MPRegen  0.10/turn              (no ring)

@: appendage (expiring)
A: unfitting armour, horns 2, cold-blooded, AC +5
a: End Transformation


You were on level 3 of the Dungeon.
You were not hungry.
You had grown temporary horns.
You visited 1 branch of the dungeon, and saw 3 of its levels.

You collected 75 gold pieces.

Inventory:

Missiles
 a - 30 arrows
Armour
 d - a +0 pair of boots (worn)
Jewellery
 l - an uncursed ring of fire {unknown}
Scrolls
 f - 3 scrolls of teleportation {unknown}
 g - a scroll of amnesia {unknown}
 h - a scroll of enchant weapon {unknown}
 i - 3 scrolls of random uselessness {unknown}
 j - 2 scrolls of remove curse {unknown}
Potions
 e - a potion of degeneration {unknown}
 k - a potion of agility {unknown}
Books
 b - a book of Changes

   Spells                             Type                      Level
   a - Beastly Appendage              Transmutation                1
   b - Sticks to Snakes               Transmutation                2
   c - Spider Form                    Transmutation/Poison         3
   d - Ice Form                       Ice/Transmutation            4
   e - Blade Hands                    Transmutation                5
Comestibles
 c - 3 rations


   Skills:
 + Level 2.1 Fighting
 - Level 1.7 Dodging
 + Level 3.9 Unarmed Combat
 - Level 2.2 Spellcasting
 + Level 2.6 Transmutations


You couldn't memorise any spells.
You knew the following spells:

 Your Spells              Type           Power        Failure   Level  Hunger
a - Beastly Appendage     Tmut           #.....       9%          1    ##.....
b - Sticks to Snakes      Tmut           #.......     13%         2    ###....
c - Spider Form           Tmut/Pois      #.........   41%         3    ####...


Dungeon Overview and Level Annotations

Branches:
Dungeon (3/15)

Altars:

Annotations:
D:2 Sigmund


Innate Abilities, Weirdness & Mutations

Your plain brown scales are hard. (AC +5)
You cannot fit into any form of body armour.
You are cold-blooded and may be slowed by cold attacks.
You have a pair of horns on your head.


Message History

The iguana bites you!
Ouch! That really hurt!
You hit the iguana.
The iguana is moderately wounded.
Your transformation is almost over.
The iguana closely misses you.
You hit the iguana but do no damage.
You headbutt the iguana, but do no damage.
The iguana is moderately wounded.
The iguana completely misses you.
You hit the iguana but do no damage. You headbutt the iguana.
The iguana is moderately wounded.
The iguana barely misses you.
You hit the iguana. You headbutt the iguana.
The iguana is severely wounded.
The iguana closely misses you.
You hit the iguana.
The iguana is almost dead.
The iguana bites you!
You die...

###########
#(....l@..#
#.#######.#
#.# ####
#####.##.....
#........#.
#.###.####.
#.###.###.#
#.
#.........#
#.
#####...###
#.


You could see an iguana.

Vanquished Creatures
  A gnoll (D:2)
  An ooze (D:2)
  An adder skeleton (D:3)
  A worm (D:2)
  A dart slug (D:1)
  A leopard gecko (D:1)
  An orc (D:3)
  4 bats
  A giant cockroach (D:1)
  5 goblins
  4 hobgoblins (D:1)
  2 jackals (D:1)
  2 frilled lizards
  A giant cockroach zombie (D:3)
  6 kobolds
  9 rats
41 creatures vanquished.

Notes
Turn   | Place    | Note
-------+----------+-------------------------------------------
     0 | D:1      | sankara the Draconian Transmuter began the quest for the Orb.
     0 | D:1      | Reached XP level 1. HP: 16/16 MP: 3/3
    87 | D:1      | Reached XP level 2. HP: 23/23 MP: 3/5
   115 | D:1      | Learned a level 2 spell: Sticks to Snakes
   758 | D:2      | Reached XP level 3. HP: 18/28 MP: 4/6
   772 | D:1      | Learned a level 3 spell: Spider Form
   967 | D:2      | Noticed Sigmund
  1272 | D:3      | Slain by an iguana

Skill      XL: |  1  2  3 |
---------------+----------+-----
Fighting       | 2 |  2.1
Dodging        | |  1.7
Unarmed Combat | |  3.9
Spellcasting   | |  2.2
Transmutations | |  2.6

Action                   || total
-------------------------++-------
Melee: Unarmed           ||   117
       Punch             ||     2
       Kick              ||     7
       Headbutt          ||     8
       Tailslap          ||     3
 Cast: Beastly Appendage ||    19
       Spider Form       ||     2
  Eat: Chunk             ||     2
Armor: Skin              ||    36
Dodge: Dodged            ||    69
